[Event "*** Titled Tuesday Blitz"]
[Site "Chess.com"]
[Date "2020.10.27"]
[Round "7"]
[White "MVM2008"]
[Black "LastHeroJr"]
[Result "0-1"]
[WhiteElo "2228"]
[BlackElo "2393"]
[TimeControl "180+1"]
[EndTime "11:18:48 PDT"]
[Termination "LastHeroJr won on time"]

1. e4 g6 2. d4 Bg7 3. Nc3 d6 4. Bg5 h6 5. Bf4 Nc6 6. Nf3 Bg4 7. d5 Nd4 8. Qd3 Bxf3 9. gxf3 c5 10. Nb5 c4 11. Qxc4 Rc8 12. Qa4 Nxc2+ 13. Kd1 Nxa1 14. Bh3 Kf8 15. Bxc8 Qxc8 16. Nxa7 Qh3 17. Ke2 Bxb2 18.
Qb5 Bf6 19. Qxb7 Kg7 20. Nc6 Nc2 21. Rd1 h5 22. Qb3 g5 23. Bc1 g4 24. Qxc2 Qxf3+ 25. Ke1 Nh6 26. Bxh6+ Kxh6 0-1

[Event "*** Titled Tuesday Blitz"]
[Site "Chess.com"]
[Date "2020.10.27"]
[Round "7"]
[White "TokChess"]
[Black "AldokhinIvan"]
[Result "0-1"]
[WhiteElo "2431"]
[BlackElo "2577"]
[TimeControl "180+1"]
[EndTime "11:18:49 PDT"]
[Termination "AldokhinIvan won by resignation"]

1. c4 Nf6 2. Nf3 g6 3. b4 Bg7 4. Bb2 d6 5. e3 O-O 6. Be2 e5 7.
O-O Nc6 8. b5 Ne7 9. Nc3 h6 10.
Qb3 Nd7 11. Rfd1 Nc5 12. Qc2 Bf5 13. e4 Bd7 14. a4 Ne6 15. a5 g5 16. Nd5 Ng6 17. Bf1 g4 18. Ne1 c6 19. bxc6 bxc6 20. Ne3 Nd4 21. Bxd4 exd4 22. Nf5 d3 23. Nxd3 Bxa1 24.
Rxa1 Bxf5 25. exf5 Qf6 26. Nb2 Ne7 27. Ra3 Nxf5 28. h3 Nd4 29. Qe4 h5 30. hxg4 Rae8 31. Qb1 hxg4 32. Rg3 Qg7 33. Nd3 f5 34. Nf4 Qg5 35.
Nh3 Qxd2 36. Qb7 Re1 0-1

[Event "*** Titled Tuesday Blitz"]
[Site "Chess.com"]
[Date "2020.10.27"]
[Round "7"]
[White "xberli"]
[Black "InitiatingASC"]
[Result "1-0"]
[WhiteElo "2544"]
[BlackElo "2408"]
[TimeControl "180+1"]
[EndTime "11:18:49 PDT"]
[Termination "xberli won on time"]

1. e4 c5 2. Nf3 Nc6 3. d4 cxd4 4. Nxd4 Nf6 5. Nc3 e5 6. Ndb5 h6 7. Nd5 Nxd5 8. exd5 a6 9. Na3 Nb8 10. Nc4 d6 11. a4 Be7 12. a5 Nd7 13. Be2 O-O 14. O-O f5 15. f4 Qc7 16. Ra3 Bf6 17. Kh1 b5 18. fxe5 dxe5 19. d6 Qc6 20. Ne3 f4 21. Rc3 Qe4 22. Bf3 Qd4 23. Bxa8 fxe3 24. Bxe3 Qb4 25.
Bd5+ Kh8 26. Rc7 Qxd6 27. Rc6 Qb4 28. c3 Qxa5 29. Be6 Qd8 30. Rxc8 Qxc8 31. Qxd7 1-0

[Event "*** Titled Tuesday Blitz"]
[Site "Chess.com"]
[Date "2020.10.27"]
[Round "7"]
[White "IMprovidence"]
[Black "MarceloPlaya"]
[Result "1-0"]
[WhiteElo "2442"]
[BlackElo "2274"]
[TimeControl "180+1"]
[EndTime "11:18:49 PDT"]
[Termination "IMprovidence won on time"]

1. c4 e6 2. g3 Nf6 3. Bg2 d5 4. Nf3 c5 5. O-O Nc6 6. cxd5 exd5 7. d4 cxd4 8. Nxd4 Bc5 9. Nb3 Bb6 10. Bg5 O-O 11.
N1d2 Be6 12. Nf3 h6 13. Bf4 Qe7 14. Nfd4 Rac8 15. Nxc6 bxc6 16. Nd4 c5 17. Nxe6 fxe6 18. e4 e5 19. Bd2 d4 20. b3 c4 21. bxc4 Rxc4 22. Qb3 Rc8 23. Rac1 Qf7 24. Bh3 Rxc1 25. Be6 R1c7 26. f4 exf4 27. e5 Nh5 28. g4 d3+ 29. Kh1 Kf8 30. Bb4+ Ke8 31. Bxf7+ Rxf7 32. gxh5 f3 33.
Qe6+ 1-0

[Event "*** Titled Tuesday Blitz"]
[Site "Chess.com"]
[Date "2020.10.27"]
[Round "7"]
[White "TheChessChannel"]
[Black "Kazmin_Dmitrij"]
[Result "1-0"]
[WhiteElo "2436"]
[BlackElo "2272"]
[TimeControl "180+1"]
[EndTime "11:18:50 PDT"]
[Termination "TheChessChannel won on time"]

1. c4 c5 2. g3 Nf6 3. Bg2 d5 4. cxd5 Nxd5 5. Nf3 Nc6 6. Nc3 Nc7 7. O-O e5 8. d3 Be7 9. Nd2 Bd7 10. Nc4 f6 11.
f4 b5 12. Ne3 exf4 13. gxf4 Rb8 14. Bd2 O-O 15. Ncd5 Nxd5 16. Nxd5 Bd6 17. Nc3 Ne7 18.
Ne4 Bc6 19. Qb3+ Kh8 20. Rac1 Bxe4 21. Bxe4 f5 22. Bf3 Ng6 23. e3 Nh4 24. Bd5 Rf6 25. Kh1 Rh6 26. Rg1 Ng6 27. Rg2 Nh4 28. Rg3 Ng6 29. Rcg1 Qh4 30. R1g2 a6 31. a3 Rd8 32. Bf3 Qf6 33. a4 Nh4 34. Bc3 Nxf3 35. Rxf3 1-0

[Event "*** Titled Tuesday Blitz"]
[Site "Chess.com"]
[Date "2020.10.27"]
[Round "7"]
[White "natelleka"]
[Black "PlotnikovPavel"]
[Result "1-0"]
[WhiteElo "2207"]
[BlackElo "2349"]
[TimeControl "180+1"]
[EndTime "11:18:50 PDT"]
[Termination "natelleka won by checkmate"]

1. e4 e6 2. d4 d5 3. Nc3 Bb4 4. e5 b6 5. Qg4 Bf8 6. Bd3 Ba6 7. Nf3 Qd7 8. a4 Bxd3 9. cxd3 Nc6 10. O-O a5 11. Nb5 O-O-O 12. Be3 Kb7 13. Rfc1 Nge7 14. Rc2 h5 15. Qh3 Rc8 16. Rac1 f6 17. Nh4 fxe5 18. dxe5 Rh7 19. Ng6 Nxg6 20. Rxc6 Bc5 21. Rxe6 Nf8 22. Bxc5 Nxe6 23. Be3 Rhh8 24. Qf5 Rhe8 25. Qxh5 Qe7 26. f4 Qb4 27. f5 Rh8 28. Qf7 Nc5 29. Qxd5+ c6 30.
Qf7+ Kb8 31. Qa7# 1-0

[Event "*** Titled Tuesday Blitz"]
[Site "Chess.com"]
[Date "2020.10.27"]
[Round "7"]
[White "suyu28"]
[Black "bsnsun"]
[Result "0-1"]
[WhiteElo "2595"]
[BlackElo "2465"]
[TimeControl "180+1"]
[EndTime "11:18:51 PDT"]
[Termination "bsnsun won by resignation"]

1. e4 c5 2. Nf3 d6 3. d4 cxd4 4. Nxd4 Nf6 5. Nc3 a6 6. Be2 e6 7.
O-O Be7 8. Be3 O-O 9. f4 Nc6 10. Bf3 Qc7 11. Qe2 Nxd4 12. Bxd4 e5 13. Be3 exf4 14.
Bxf4 Be6 15. Nd5 Bxd5 16. exd5 Rfe8 17. Kh1 Bf8 18. Qd3 Rac8 19. c3 Nd7 20. Bg4 Rcd8 21. Qf3 Ne5 22. Bxe5 dxe5 23. Rad1 g6 24. Bh3 e4 25.
Qe2 f5 26. g4 f4 27. g5 f3 28.
Qe3 Bc5 29. Qe1 Qf4 30. Be6+ Kg7 31. c4 Bd6 32. Qg3 Qxg3 33. hxg3 Bxg3 34. Rd4 Rxe6 35. dxe6 Rxd4 36. Rg1 f2 37. Rc1 e3 38. Kg2 e2 39.
Kxg3 f1=Q 0-1

[Event "*** Titled Tuesday Blitz"]
[Site "Chess.com"]
[Date "2020.10.27"]
[Round "7"]
[White "VladaSviridova"]
[Black "fabianvivasz"]
[Result "1-0"]
[WhiteElo "2286"]
[BlackElo "2420"]
[TimeControl "180+1"]
[EndTime "11:18:52 PDT"]
[Termination "VladaSviridova won on time"]

1. d4 Nf6 2. c4 g6 3. Nc3 d5 4.
cxd5 Nxd5 5. e4 Nxc3 6. bxc3 Bg7 7. Bc4 c5 8. Ne2 O-O 9. O-O Nc6 10. Be3 Qc7 11. Rc1 Rd8 12. Bf4 Be5 13. Bxe5 Nxe5 14. Bb3 Ng4 15. Ng3 Qf4 16. Qe1 b6 17. h3 Nf6 18. e5 Nd5 19. Bxd5 Rxd5 20. c4 Rd8 21. d5 Ba6 22. Qe4 Qxe4 23. Nxe4 Kg7 24. Rfd1 f5 25. Ng5 Bc8 26. e6 h6 27. Nf7 Rf8 28.
Ne5 f4 29. f3 Kf6 30. Ng4+ Kg5 31. Re1 h5 32. Nf2 Rb8 33. a4 a6 34. Rb1 Kf5 35. Nd3 g5 36. Ne5 Rd8 37. Nc6 Bb7 38. Nxb8 Rxb8 39.
Rxb6 1-0

[Event "*** Titled Tuesday Blitz"]
[Site "Chess.com"]
[Date "2020.10.27"]
[Round "7"]
[White "MasterKroket"]
[Black "ajedrezhoy"]
[Result "1-0"]
[WhiteElo "2408"]
[BlackElo "2222"]
[TimeControl "180+1"]
[EndTime "11:18:53 PDT"]
[Termination "MasterKroket won by resignation"]

1. d4 Nf6 2. c4 c5 3. d5 b5 4.
cxb5 a6 5. bxa6 Bxa6 6. Nc3 d6 7. e4 Bxf1 8. Kxf1 g6 9. Nf3 Bg7 10. g3 O-O 11. Kg2 Nbd7 12. a4 Qb6 13. Qc2 Qb4 14. Bd2 Rfb8 15. Rhb1 Qb3 16. Ne1 c4 17.
Ra3 Qxc2 18. Nxc2 Nc5 19. f3 Nfd7 20. Ne3 Nb3 21. Nxc4 Ne5 22. Nxe5 Nxd2 23. Rd1 Rxb2 24. Nd3 Rc2 25. Ra2 Rxc3 26. Rdxd2 Ra5 27. Nb4 Rc4 28.
Nc6 Rcxa4 29. Rxa4 Rxa4 30. Nxe7+ Kf8 31. Nc6 f5 32. exf5 gxf5 33. Re2 Kf7 34. Re6 Bf8 35. Nd8+ Kg8 36. Re8 Ra2+ 37. Kh3 Rd2 38. Ne6 Kf7 39. Rxf8+ Ke7 40. Rh8 Rxd5 41. Nf4 Rd2 42. Rxh7+ Kf6 43.
Rh6+ Ke7 44. Re6+ Kf7 45. Re2 Rd4 46. Kh4 Kf6 47. Re6+ Kf7 48. Rh6 Rd2 49. Kg5 d5 50. Rh7+ Ke8 51. Kxf5 d4 52. Ke6 Kd8 53. Rd7+ Kc8 54.
h4 Rd1 55. Rd5 Kc7 56. h5 Kc6 57. h6 Re1+ 58. Kf5 Rh1 59. Rxd4 Rxh6 60. g4 Kc5 61. Rd1 1-0

[Event "*** Titled Tuesday Blitz"]
[Site "Chess.com"]
[Date "2020.10.27"]
[Round "7"]
[White "Borsuk_Konstantin"]
[Black "MrChampion_Coach"]
[Result "1-0"]
[WhiteElo "2567"]
[BlackElo "2420"]
[TimeControl "180+1"]
[EndTime "11:18:54 PDT"]
[Termination "Borsuk_Konstantin won on time"]

1. d4 Nf6 2. c4 e6 3. Nf3 d5 4. Bg5 a6 5. e3 Be7 6. Nc3 O-O 7. Rc1 Nbd7 8. Be2 dxc4 9. Bxc4 b5 10. Bb3 Bb7 11.
O-O c5 12. Qe2 Qb6 13. a3 Rfe8 14. Ba2 Rac8 15. h3 Ne4 16. Bxe7 Rxe7 17. Nxe4 Bxe4 18. Nd2 Ba8 19. b4 Qb7 20. Qf3 Qb8 21. Qe2 cxd4 22.
exd4 Nb6 23. Ne4 Bd5 24. Nc5 Qa8 25. f4 Bc4 26. Bxc4 Nxc4 27. f5 Qd5 28. Rcd1 Ree8 29. f6 g6 30. a4 bxa4 31. Nxa4 Nd6 32. Nc5 Nf5 33. Qd2 Red8 34. Qf4 Nd6 35. Qh6 Ne8 36. Kh1 Rb8 37. Rde1 Rxb4 38. Nxe6 1-0

[Event "*** Titled Tuesday Blitz"]
[Site "Chess.com"]
[Date "2020.10.27"]
[Round "7"]
[White "AlexeiShirov"]
[Black "ural58"]
[Result "0-1"]
[WhiteElo "2787"]
[BlackElo "2342"]
[TimeControl "180+1"]
[EndTime "11:18:54 PDT"]
[Termination "ural58 won by resignation"]

1. e4 d5 2. exd5 Qxd5 3. Nc3 Qa5 4. d4 Nf6 5. Nf3 Nc6 6. Bb5 Ne4 7. Bd2 Nxc3 8.
Bxc6+ bxc6 9. Bxc3 Qd5 10. O-O Bg4 11. Re1 Bxf3 12. Qxf3 Qxf3 13. gxf3 e6 14. Re5 Bd6 15. Ra5 a6 16. Bd2 Kd7 17. c4 Rhb8 18. b3 h6 19. f4 g6 20. Kg2 Rg8 21. Kf3 Rge8 22. b4 Reb8 23. Rb1 Be7 24. Rb3 Kc8 25. Ke4 Bf8 26. Ra4 Kb7 27. Rh3 Rd8 28. Raa3 Rd7 29. Rad3 Rad8 30. Bc3 Bg7 31. Rhe3 Re8 32. Re2 Bf6 33.
Red2 Red8 34. a4 Bg7 35. Rb2 Ra8 36. b5 axb5 37. axb5 Ra3 38. bxc6+ Kxc6 39. d5+ exd5+ 40. cxd5+ Rxd5 41. Rxd5 f5+ 42. Rxf5 gxf5+ 43. Kxf5 Bxc3 44. Re2 Kd5 45. Re7 c5 46. Rd7+ Kc4 47. Rd6 Ra2 48.
Rxh6 Rxf2 49. Kg4 Bd2 50. Rd6 Bxf4 51. Rf6 Be3 52. Re6 Bd4 53. h4 Kd3 0-1

[Event "*** Titled Tuesday Blitz"]
[Site "Chess.com"]
[Date "2020.10.27"]
[Round "7"]
[White "CakeinSpace2002"]
[Black "kinga2008"]
[Result "1-0"]
[WhiteElo "2349"]
[BlackElo "2124"]
[TimeControl "180+1"]
[EndTime "11:18:54 PDT"]
[Termination "CakeinSpace2002 won by resignation"]

1. c4 c5 2. Nc3 Nf6 3. g3 g6 4. Bg2 Bg7 5. d3 O-O 6. e3 d6 7.
Nge2 e6 8. O-O Nc6 9. a3 d5 10. cxd5 exd5 11. e4 dxe4 12. dxe4 Bg4 13. Be3 Nd4 14. f3 Nxe2+ 15. Qxe2 Be6 16. Bxc5 Re8 17. Rfd1 Qc7 18. Bf2 a6 19. Rac1 Rac8 20. Qe3 Bb3 21. Re1 Qe5 22. Qd4 Qh5 23. Qb6 Be6 24. Qxb7 Bh3 25. Qxa6 Bxg2 26. Kxg2 Red8 27. Qe2 Nd7 28. Nd5 Rxc1 29. Rxc1 Ne5 30. b4 f5 31. Rc2 fxe4 32.
fxe4 Qg5 33. Be3 Qg4 34. Qxg4 Nxg4 35. Bg1 Re8 36. Rc8 Rxc8 37. Ne7+ Kf7 38. Nxc8 Ke6 39. b5 Kd7 40. Nb6+ Kd6 41. Nd5 Ne5 42. a4 Nc4 43. h4 h5 44. Nf4 Nb2 45. a5 Nc4 46. a6 Kc7 47. Nxg6 Bc3 48. Nf4 Ba5 49.
Nxh5 Bb6 50. Bxb6+ Kxb6 51. Nf6 Kxb5 52. a7 Nb6 53. Nd7 1-0

[Event "*** Titled Tuesday Blitz"]
[Site "Chess.com"]
[Date "2020.10.27"]
[Round "7"]
[White "Shuvalov"]
[Black "Fortitudine"]
[Result "1-0"]
[WhiteElo "2502"]
[BlackElo "2291"]
[TimeControl "180+1"]
[EndTime "11:18:55 PDT"]
[Termination "Shuvalov won on time"]

1. b4 e5 2. Bb2 Bxb4 3. Bxe5 Nf6 4.
Nc3 O-O 5. Nf3 Nc6 6. Bxf6 Qxf6 7. Nd5 Qd6 8. Nxb4 Qxb4 9. e3 d6 10. Be2 b6 11. O-O Bb7 12. d4 Na5 13. Bd3 Rae8 14. Ng5 g6 15. Qg4 Kg7 16. h4 h5 17. Qg3 c5 18.
Qxd6 Qc3 19. dxc5 Qxc5 20. Qxc5 bxc5 21. Rab1 Bd5 22. Rb5 Nb7 23. Rfb1 Re7 24. Be2 Bc6 25. R5b3 Rd8 26. Bf3 Bxf3 27. Nxf3 Na5 28. Rb5 Nc4 29. Rxc5 Na3 30. Rb3 Rd1+ 31. Kh2 Nb1 32. Rd3 Rxd3 33.
cxd3 Rb7 34. Ra5 Nc3 35. d4 1-0

[Event "*** Titled Tuesday Blitz"]
[Site "Chess.com"]
[Date "2020.10.27"]
[Round "7"]
[White "JozefKneht"]
[Black "Zhani-Z"]
[Result "1-0"]
[WhiteElo "2418"]
[BlackElo "2522"]
[TimeControl "180+1"]
[EndTime "11:18:58 PDT"]
[Termination "JozefKneht won by resignation"]

1. Nf3 d5 2. c4 c6 3. b3 Nf6 4. g3 Bf5 5. Bg2 e6 6. Bb2 Nbd7 7. O-O Be7 8. d3 O-O 9. Nbd2 a5 10. a3 h6 11. Ra2 Re8 12. Qa1 Bf8 13. Re1 Bh7 14.
Bc3 Qc7 15. cxd5 exd5 16. b4 axb4 17. axb4 Qb8 18. Bh3 Rxa2 19. Qxa2 Qa8 20. Qb2 Qd8 21. Nb3 Qb6 22. Nbd4 Ra8 23. Nh4 Qa7 24. Ndf5 Qa2 25.
Nxh6+ gxh6 26. Bxf6 Qxb2 27. Bxb2 Bxb4 28. Rb1 Nf8 29.
Bc1 c5 30. Bg2 Rd8 31. Bxh6 Ne6 32. Kf1 Nd4 33. Bg5 Re8 34. Be3 Nxe2 35. Kxe2 d4 36. Bxb7 dxe3 37. fxe3 c4 38. Rxb4 Bxd3+ 39. Kd2 Rb8 40. Kc3 1-0

[Event "*** Titled Tuesday Blitz"]
[Site "Chess.com"]
[Date "2020.10.27"]
[Round "7"]
[White "Rytenko_V"]
[Black "WildTricks"]
[Result "1-0"]
[WhiteElo "2530"]
[BlackElo "2397"]
[TimeControl "180+1"]
[EndTime "11:18:59 PDT"]
[Termination "Rytenko_V won by resignation"]

1. d4 Nf6 2. c4 e6 3. Nc3 Bb4 4. Bd2 b6 5. Nf3 Bb7 6. a3 Bxc3 7. Bxc3 Ne4 8. Qc2 O-O 9. e3 d6 10. Bd3 f5 11. h3 Rf6 12. O-O-O Rg6 13. Rh2 Nxc3 14.
Qxc3 Rxg2 15. Rxg2 Bxf3 16. Rdg1 Bxg2 17. Rxg2 Qf6 18. d5 Qxc3+ 19. bxc3 Kf7 20. dxe6+ Kf6 21. e4 f4 22. e5+ dxe5 23. Be4 c6 24. e7 Kxe7 25.
Rxg7+ Kd6 26. Rxh7 Nd7 27. Rh6+ Ke7 28. Bxc6 Rd8 29. Rh7+ Kd6 30. Rxd7+ Rxd7 31. Bxd7 Kxd7 32. f3 Ke6 33. Kd2 Kf6 34. Kd3 Kf5 35. h4 a6 36.
h5 Kg5 37. Ke4 Kxh5 38. Kxe5 Kg5 39. a4 1-0

[Event "*** Titled Tuesday Blitz"]
[Site "Chess.com"]
[Date "2020.10.27"]
[Round "7"]
[White "ChessWarrior7197"]
[Black "GukeshDommaraju"]
[Result "1-0"]
[WhiteElo "2986"]
[BlackElo "2826"]
[TimeControl "180+1"]
[EndTime "11:19:01 PDT"]
[Termination "ChessWarrior7197 won by resignation"]

1. e4 c6 2. d4 d5 3. exd5 cxd5 4. Bd3 Nf6 5. c3 Bg4 6. Qb3 Qc7 7. h3 Bd7 8. Nf3 Bc6 9. O-O Nbd7 10. Re1 e6 11. Qc2 Bd6 12. Qe2 O-O 13. Nbd2 Nh5 14. Nf1 Nf4 15. Bxf4 Bxf4 16. g3 Bd6 17. Ne3 Rae8 18.
Rad1 f5 19. Ng2 e5 20. dxe5 Nxe5 21. Nxe5 Bxe5 22. Qd2 Kh8 23. Bc2 Rd8 24. Nf4 Bxf4 25. Qxf4 Qxf4 26. gxf4 d4 27. Rxd4 Rxd4 28. cxd4 Rd8 29.
Rd1 Bd5 30. Bxf5 g6 31. Bb1 Kg7 32. f5 gxf5 33. Bxf5 Kf6 34. Bg4 Bf7 35. b3 h5 36.
Bf3 b6 37. h4 Kf5 38. d5 Rd6 39. Kf1 Kf4 40. Bg2 Ke5 41. Ke2 b5 42. Ke3 b4 43.
f4+ Kf6 44. Be4 a5 45. Rd2 Ke7 46. Kd4 Rd8 47. Ke5 Re8 48. Bf5 Kf8+ 49. Kf6 Rd8 50.
d6 a4 51. bxa4 Be8 52. d7 Bf7 53. Rc2 Kg8 54. Rc8 1-0

[Event "*** Titled Tuesday Blitz"]
[Site "Chess.com"]
[Date "2020.10.27"]
[Round "7"]
[White "Gerodot71"]
[Black "LubovMarkelova"]
[Result "1-0"]
[WhiteElo "2483"]
[BlackElo "2236"]
[TimeControl "180+1"]
[EndTime "11:19:02 PDT"]
[Termination "Gerodot71 won by checkmate"]

1. d4 Nf6 2. c4 c5 3. d5 b5 4. cxb5 a6 5. b6 g6 6. Nc3 Bg7 7. e4 d6 8. h3 Nbd7 9. a4 Qxb6 10. a5 Qb4 11. Ra4 Qb7 12. Nf3 Rb8 13. Be2 O-O 14. O-O Ne8 15. Bc4 Nc7 16. Qd3 Nb5 17. Be3 Ne5 18.
Nxe5 Bxe5 19. f4 Bg7 20. Raa1 Nd4 21. b3 Qb4 22. Bd2 Qb7 23. Rab1 Qc7 24. Ne2 Nb5 25. Kh1 Kh8 26. Nc3 Nd4 27. Na4 f5 28. e5 dxe5 29. fxe5 Bxe5 30. Rbe1 f4 31. Nxc5 Bf5 32. Ne4 f3 33. g4 Bc8 34. Bc3 Ne2 35. Bxe5+ Qxe5 36. Rxf3 Rxf3 37. Qxf3 Nd4 38. Qf8# 1-0

[Event "*** Titled Tuesday Blitz"]
[Site "Chess.com"]
[Date "2020.10.27"]
[Round "7"]
[White "TigrVShlyape"]
[Black "TimofeevAr"]
[Result "1-0"]
[WhiteElo "2896"]
[BlackElo "2777"]
[TimeControl "180+1"]
[EndTime "11:19:05 PDT"]
[Termination "TigrVShlyape won by resignation"]

1. d4 d5 2. Nf3 Nf6 3. Bf4 e6 4.
e3 c5 5. c3 Be7 6. Nbd2 O-O 7.
Bd3 b6 8. Ne5 Bb7 9. Qf3 Ba6 10.
Bxa6 Nxa6 11. h4 Nd7 12. h5 Nxe5 13. Bxe5 f6 14. Bh2 Qd7 15. O-O Bd6 16. Bxd6 Qxd6 17. a4 h6 18. Rfd1 cxd4 19. exd4 Nc7 20. Nf1 a6 21.
Ne3 b5 22. g3 Rfb8 23. axb5 axb5 24. Nc2 Rxa1 25. Rxa1 Ra8 26. Rxa8+ Nxa8 27. Nb4 Nc7 28. Qg4 Na6 29. Nd3 b4 30. cxb4 Nc7 31. Nc5 Kf7 32. Qg6+ Kg8 33. Kg2 Kf8 34. Qh7 Nb5 35. Qd3 Qc6 36.
Nxe6+ Qxe6 37. Qxb5 Qe4+ 38. Kg1 Qb1+ 39. Kh2 Qf5 40. Qe2 Kf7 41. b5 Qc8 42. Kg2 Qb7 43.
Qd3 Qb6 44. Kf3 Kg8 45. b4 Kf7 46. Ke3 Qe6+ 47. Kd2 Qb6 48. Ke3 Qe6+ 49. Kf3 Qb6 50. Kg2 Kg8 51. Qc3 Qxb5 52. Qc5 Qd3 53. Qxd5+ Kh7 54. b5 Qb1 55. g4 Kh8 56. Qc6 Kh7 57. b6 f5 58. b7 1-0

[Event "*** Titled Tuesday Blitz"]
[Site "Chess.com"]
[Date "2020.10.27"]
[Round "7"]
[White "TrickyFortem"]
[Black "andrzej"]
[Result "1-0"]
[WhiteElo "2544"]
[BlackElo "2301"]
[TimeControl "180+1"]
[EndTime "11:19:05 PDT"]
[Termination "TrickyFortem won by resignation"]

1. c4 e6 2. b3 Nf6 3. Bb2 b6 4. Nf3 Bb7 5. e3 d5 6. Be2 Nbd7 7. O-O Bd6 8. cxd5 exd5 9. Nc3 a6 10. Rc1 O-O 11.
d4 Qe7 12. Rc2 Rad8 13. Re1 Rfe8 14. Nh4 g6 15. Nf3 Ne4 16. Bf1 f5 17. g3 g5 18. Bg2 c6 19. Nd2 Ndf6 20. Qc1 Nxd2 21. Qxd2 Ne4 22. Qc1 Bb4 23. Ree2 Rf8 24. a3 Bd6 25. b4 Rf6 26. Nd1 Rh6 27. f3 Nf6 28. Nf2 Re8 29. e4 fxe4 30. fxe4 dxe4 31. Nxe4 Nxe4 32.
Rxe4 Re6 33. Rxe6 Qxe6 34. Qxg5+ Qg6 35. Qxg6+ hxg6 36. Bxc6 Rc8 37. d5 Rc7 38. Bd4 b5 39. Kf2 Bc8 40. Re2 Bf5 41. Re8+ Kf7 42. Ra8 Re7 43. Rxa6 Re4 44. Ra7+ Kf8 45. Bc5 Bxc5+ 46. bxc5 Rc4 47. Bxb5 Rxc5 48. Bc6 Be4 49. Ke3 Bxd5 50.
Bxd5 Rxd5 51. h4 Rb5 52. Kf4 Ke8 53. a4 Rb6 54. a5 Rc6 55. Kg5 Kd8 56. a6 Kc8 57.
Rg7 Rxa6 58. Rxg6 Ra3 59. g4 Kd8 60. Re6 Kd7 61. Re4 Rf3 62. Kg6 Rh3 63. h5 Kd8 64. g5 Kd7 65. h6 Kd8 66. Kg7 Kd7 67. g6 Ra3 68. h7 Ra8 69. h8=Q Rxh8 70. Kxh8 1-0

[Event "*** Titled Tuesday Blitz"]
[Site "Chess.com"]
[Date "2020.10.27"]
[Round "7"]
[White "infinitegiantkiller"]
[Black "Ranindu2003"]
[Result "1-0"]
[WhiteElo "2433"]
[BlackElo "2541"]
[TimeControl "180+1"]
[EndTime "11:19:07 PDT"]
[Termination "infinitegiantkiller won by resignation"]

1. d4 Nf6 2. c4 e6 3. Nc3 Bb4 4. Bd2 O-O 5. Nf3 b6 6. e3 Bb7 7. Bd3 c5 8. a3 Bxc3 9. Bxc3 d5 10. dxc5 bxc5 11. O-O Nbd7 12. Ne5 Nxe5 13. Bxe5 Nd7 14.
Bc3 d4 15. exd4 Qg5 16. f3 Nf6 17. Re1 Rad8 18. dxc5 Qxc5+ 19. Kh1 Rfe8 20. Qe2 Nh5 21. Bc2 e5 22. b4 Qb6 23. c5 Qh6 24. Qe3 Qxe3 25.
Rxe3 f6 26. Bb3+ Kh8 27. Bf7 Nf4 28. Bxe8 Rxe8 29. Rd1 g5 30. g3 Ng6 31. Kg1 h5 32. Red3 Bc6 33. Rd8 Rxd8 34. Rxd8+ Kg7 35. Rc8 Bxf3 36.
Rc7+ Kh6 37. Rxa7 h4 38. Rf7 hxg3 39. hxg3 Kh5 40. Rxf6 Ne7 41. Bxe5 Kg4 42. Kf2 Be4 43. Re6 Nd5 44. Bd4 Bf5 45. Re5 Nc7 46. a4 Bc2 47. b5 Bxa4 48. b6 Na6 49. Be3 Be8 50.
Rxg5+ Kh3 51. Re5 Bd7 52. Re4 Bg4 53. Rxg4 Kxg4 54. c6 1-0

[Event "*** Titled Tuesday Blitz"]
[Site "Chess.com"]
[Date "2020.10.27"]
[Round "7"]
[White "Ginger_GM"]
[Black "YoungUzbek"]
[Result "1-0"]
[WhiteElo "2592"]
[BlackElo "2754"]
[TimeControl "180+1"]
[EndTime "11:19:10 PDT"]
[Termination "Ginger_GM won by resignation"]

1. c4 f5 2. d4 Nf6 3. Nc3 e6 4. g3 d5 5. Bg2 c6 6. Nh3 Bd6 7. O-O O-O 8. Bf4 b6 9. Bxd6 Qxd6 10. b3 Ba6 11. cxd5 cxd5 12. Rc1 Nc6 13. Nf4 Rac8 14. Qd2 g5 15. Nd3 Nxd4 16. Qxg5+ Kh8 17. Qe3 Nc6 18. Na4 Ng4 19. Qd2 e5 20. h3 Nf6 21.
Ndb2 e4 22. Rfd1 d4 23. Nc4 Bxc4 24. bxc4 e3 25. Qxe3 Rce8 26. Qd2 Ne4 27. Qd3 Nc5 28. Nxc5 bxc5 29. e3 Ne5 30. Qe2 d3 31. Qh5 Rd8 32. Bd5 Qg6 33. Qxg6 hxg6 34. Rb1 d2 35. Kf1 Rxd5 36.
cxd5 Nf3 37. Ke2 c4 38. Kxf3 c3 39. Ke2 1-0

[Event "*** Titled Tuesday Blitz"]
[Site "Chess.com"]
[Date "2020.10.27"]
[Round "7"]
[White "gui_borba"]
[Black "FloMaster111"]
[Result "0-1"]
[WhiteElo "2453"]
[BlackElo "2626"]
[TimeControl "180+1"]
[EndTime "11:19:12 PDT"]
[Termination "FloMaster111 won by resignation"]

1. d4 d5 2. c4 e6 3. Nc3 Nf6 4. cxd5 exd5 5. Bg5 c6 6. e3 Bd6 7. Bd3 O-O 8. Qc2 h6 9. Bh4 a5 10. Nge2 Na6 11. a3 Re8 12. O-O Bxh2+ 13. Kxh2 Ng4+ 14. Kg3 g5 15. Rh1 gxh4+ 16. Rxh4 Nxe3 17. fxe3 Qg5+ 18. Kh2 Qxh4+ 19. Kg1 Rxe3 20. Rf1 Be6 21. Qd2 Qg5 22. Nf4 Rg3 23. Qf2 Kh8 24. Nce2 Rg4 25. Nxe6 fxe6 26. Nf4 Rxf4 27. Qxf4 Qxf4 28. Rxf4 Kg7 29. Rg4+ Kf7 30. Bg6+ Kf6 31. Bd3 Rh8 32. Rg6+ Kf7 33. Rg3 Nc7 34. Be2 Ke7 35. Rb3 b5 36. Re3 Kd6 37. Bg4 Rg8 38.
Bh3 Rg6 39. Kf2 c5 40. dxc5+ Kxc5 41. Ke2 d4 42. Re5+ Kd6 43. Rh5 Nd5 44. Rh4 e5 45.
Kd3 Nf6 46. g4 Kd5 0-1

[Event "*** Titled Tuesday Blitz"]
[Site "Chess.com"]
[Date "2020.10.27"]
[Round "7"]
[White "Marina_Chess_Rus"]
[Black "GM_LOADING"]
[Result "0-1"]
[WhiteElo "2273"]
[BlackElo "2457"]
[TimeControl "180+1"]
[EndTime "11:19:12 PDT"]
[Termination "GM_LOADING won by checkmate"]

1. d4 Nf6 2. Nf3 e6 3. c4 Bb4+ 4. Nc3 O-O 5. Qc2 d6 6. Bg5 Nc6 7. e3 h6 8. Bh4 Qe7 9. Bd3 e5 10. O-O Bxc3 11. bxc3 Bg4 12. Nd2 Rae8 13. Ne4 g5 14.
Nxf6+ Qxf6 15. Bg3 Bh5 16. f4 gxf4 17. d5 Na5 18.
exf4 e4 19. Bxe4 Nxc4 20. Rae1 Re7 21. Qd3 Nb2 22. Qc2 Rfe8 23. Qxb2 Rxe4 24. Rxe4 Rxe4 25. Qxb7 Qxc3 26. Qxa7 Be2 27. Rb1 Bd3 28. Rd1 Bc2 29. Rf1 Bd3 30. Rd1 Be2 31. Rb1 Qd3 32. Qb8+ Kh7 33. Qb3 Qd4+ 34. Bf2 Qf6 35. g3 Bg4 36.
Re1 Rxe1+ 37. Bxe1 Qd4+ 38. Bf2 Qa1+ 39. Kg2 Bf5 40. h3 Be4+ 41. Kh2 Qh1# 0-1

[Event "*** Titled Tuesday Blitz"]
[Site "Chess.com"]
[Date "2020.10.27"]
[Round "7"]
[White "LileKoridze"]
[Black "Morshynska"]
[Result "1-0"]
[WhiteElo "2379"]
[BlackElo "2207"]
[TimeControl "180+1"]
[EndTime "11:19:12 PDT"]
[Termination "LileKoridze won by resignation"]

1. d4 d5 2. c4 c6 3. Nf3 Nf6 4. Nc3 g6 5. Bg5 Bg7 6. e3 Ne4 7. Bf4 O-O 8. Bd3 Bf5 9. O-O Nxc3 10. bxc3 Bxd3 11. Qxd3 Nd7 12. cxd5 cxd5 13. c4 dxc4 14. Qxc4 Nb6 15. Qb3 Qd5 16. Qd3 Rac8 17. h3 Rfd8 18. Qa3 e6 19. Qxa7 Nc4 20. Qa4 Ra8 21. Qd1 Ra3 22.
Qe2 b5 23. Rfd1 Rda8 24. e4 Qb7 25. Rd3 R3a4 26. Rb3 Qa6 27. Qd1 h6 28. Rab1 g5 29.
Bg3 Na3 30. Rc1 Nc4 31. Rcb1 Na3 32. Rc1 Rd8 33. d5 exd5 34. exd5 Qa8 35. d6 Qe4 36.
d7 Nc4 37. Rxb5 Raa8 38. Rc5 Na3 39. Rc8 h5 40. Rxa8 Qxa8 41. Bc7 Bf6 42. Bxd8 Qxd8 43.
Rc8 1-0

[Event "*** Titled Tuesday Blitz"]
[Site "Chess.com"]
[Date "2020.10.27"]
[Round "7"]
[White "Roza_Idrisova"]
[Black "CM_rui"]
[Result "0-1"]
[WhiteElo "2204"]
[BlackElo "2361"]
[TimeControl "180+1"]
[EndTime "11:19:12 PDT"]
[Termination "CM_rui won by resignation"]

1. d4 Nf6 2. Nf3 e6 3. Bg5 Be7 4. Nbd2 O-O 5. e4 d6 6. Bd3 Nbd7 7. O-O e5 8. c3 a5 9. h3 b6 10. Qe2 Bb7 11. Rfd1 Re8 12. dxe5 dxe5 13. Bb5 c6 14. Bc4 b5 15. Bb3 a4 16. Bc2 Qc7 17. b4 Nb6 18. a3 Rad8 19. c4 bxc4 20. Nxc4 Ba6 21. Nfd2 Rxd2 22. Rxd2 Nxc4 23. Rdd1 Nxa3 24. Qxa6 Nxc2 25.
Rxa4 Nxb4 26. Qc4 Rb8 27. Bxf6 gxf6 28. Rc1 c5 29. Rxb4 Rd8 30. Rbb1 Rd4 31. Qe2 Qc6 32. f3 c4 33. Qa2 c3 34. Rc2 Rd3 35. Qb3 Bc5+ 36.
Kh2 Bd4 37. Qd5 Bg1+ 38. Rxg1 Rxd5 39. exd5 Qxd5 40. Rxc3 Qd4 41. Rcc1 Qf4+ 42. Kh1 f5 43. Rge1 e4 44. fxe4 fxe4 45. Re2 Qxc1+ 46. Kh2 e3 47. Kg3 Kg7 48. Kf3 f5 49. Rxe3 Qf1+ 50. Kg3 f4+ 0-1